 Dungeon Crawl Stone Soup version 0.29.1-2-gbd0b4ee654 (webtiles) character file.

Game seed: 15156666844024892829

27 SnakkuSnakku7 the Vexing (level 2, 0/20 HPs)
             Began as a Demigod Enchanter on Nov 29, 2022.
             Slain by Natasha (2 damage)
             ... on level 2 of the Dungeon.
             The game lasted 00:01:43 (1640 turns).

SnakkuSnakku7 the Vexing (Demigod Enchanter)        Turns: 1640, Time: 00:01:44

Health: 0/20       AC:  2    Str:  9    XL:     2   Next: 72%
Magic:  3/7        EV: 12    Int: 17    God:
Gold:   50         SH:  0    Dex: 14    Spells: 2/4 levels left

rFire   . . .      SeeInvis .   a - +1 dagger
rCold   . . .      Faith    .   (no shield)
rNeg    . . .      Spirit   .   b - +0 robe
rPois   .          Reflect  .   (no helmet)
rElec   .          Harm     .   (no cloak)
rCorr   .          Rampage  .   (no gloves)
Will    .....                   (no boots)
Stlth   ++........              (no amulet)
HPRegen 0.06/turn               (no ring)
MPRegen 0.10/turn               (no ring)

@: no status effects
A: high MP 1, forlorn, divine attributes
a: no special abilities


You were on level 2 of the Dungeon.
You visited 1 branch of the dungeon, and saw 2 of its levels.

You collected 50 gold pieces.

Inventory:

Hand Weapons
 a - a +1 dagger (weapon)
Armour
 b - a +0 robe (worn)
Jewellery
 d - a ring of fire
 k - an amulet of the acrobat
Scrolls
 e - 3 scrolls of identify {unknown}
 g - a scroll of enchant weapon {unknown}
 j - a scroll of enchant armour {unknown}
 l - a scroll of teleportation {unknown}
Potions
 c - 2 potions of invisibility
 f - a potion of ambrosia {unknown}
 h - 2 potions of curing
 i - a potion of lignification {unknown}
 m - 2 potions of might {unknown}


   Skills:
 - Level 0.8 Short Blades
 - Level 1.7 Dodging
 - Level 2.6 Stealth
 - Level 1.7 Spellcasting
 + Level 3.8 Hexes


You had 2 spell levels left.
You knew the following spells:

 Your Spells              Type           Power      Damage    Failure   Level
a - Ensorcelled Hibernat  Hex/Ice        14%        N/A       14%         2

Your spell library contained the following spells:

 Spells                   Type           Power      Damage    Failure   Level
 Static Discharge         Conj/Air       1%         3-4/arc   30%         2
 Confusing Touch          Hex            14%        N/A       12%         3
 Tukima's Dance           Hex            14%        N/A       12%         3
 Dazzling Flash           Conj/Hex       14%        N/A       26%         3
 Dispel Undead            Necr           1%         3d6       89%         4
 Sticky Flame             Conj/Fire      1%         2d3       89%         4


Dungeon Overview and Level Annotations

Branches:
Dungeon (2/15)

Annotations:
D:2 Natasha


Innate Abilities, Weirdness & Mutations

You have an increased reservoir of magic. (+10% MP)
You shall have no god before yourself.
Your divine heritage dramatically boosts your attributes as you level up.


Message History

The helpless frilled lizard fails to defend itself.
You puncture the frilled lizard!
You kill the frilled lizard!
m - 2 coppery potions (gained 1)
Found an escape hatch in the ceiling.
Natasha, Servant of Life and Death comes into view.
Natasha is nearby!
Natasha hisses angrily.
Natasha barely misses you.
You hit Natasha.
Natasha is lightly wounded.
Natasha completely misses you.
Aiming: Ensorcelled Hibernation (safe; 14% risk of failure)
Press: ? - help, Q - select action Shift-Dir - straight line, f - Natasha
Aim: Natasha (lightly wounded, chance to affect: 40%) Natasha resists with some effort.
Natasha stares at you and mumbles some strange words.
The magic dart hits you!
Aiming: Ensorcelled Hibernation (safe; 14% risk of failure)
Press: ? - help, Q - select action Shift-Dir - straight line, f/p - Natasha
Aim: Natasha (lightly wounded, chance to affect: 40%) Natasha looks drowsy...
Unknown command.
The helpless Natasha fails to defend herself.
You puncture Natasha!
Natasha is severely wounded.
Natasha growls.
Natasha claws you but does no damage.
You closely miss Natasha.
Natasha is severely wounded.
Natasha stares at you and mumbles some strange words.
The magic dart hits you.
You closely miss Natasha.
Natasha is severely wounded.
Natasha claws you.
* * * LOW HITPOINT WARNING * * *
You hit Natasha but do no damage.
Natasha is severely wounded.
Natasha claws you.
You die...

..# #.#..# #..# #.#
...... .... ... .....#
####..#####.# #....# #
.#...... ....#
#....##.# .#.##..# #..#
#....... .......#
#..###....# .#.##..#
#.....<...#
.#.##..####..###@...#
.............# #.h..#
.#.##..####.## #....#
.#.##..####.####....#
.#.##.................
...##.#####.##.........
##.##.# #.# ##..#####
#.#### #.# ..# #.# ###


You could see Natasha.

Vanquished Creatures
  A worm (D:2)
  A dart slug (D:1)
  A ball python (D:1)
  2 endoplasms (D:1)
  3 goblins (D:1)
  A hobgoblin (D:1)
  3 kobolds (D:1)
  A quokka (D:1)
  3 bats (D:1)
  A frilled lizard (D:2)
  3 rats (D:1)
20 creatures vanquished.

Notes
Turn   | Place    | Note
-------+----------+-------------------------------------------
     0 | D:1      | SnakkuSnakku7 the Demigod Enchanter began the quest for the
                  | Orb.
     0 | D:1      | Reached XP level 1. HP: 14/14 MP: 5/5
    55 | D:1      | Reached skill level 3 in Hexes
   522 | D:1      | Reached XP level 2. HP: 19/20 MP: 7/7
   537 | D:1      | HP: 1/20 [quokka (2)]
   847 | D:1      | Learned a level 2 spell: Ensorcelled Hibernation
  1574 | D:2      | Identified the +5 war axe of the Swamp {vorpal, rN++ Will+
                  | Str+2 Int-4}
  1631 | D:2      | Noticed Natasha
  1640 | D:2      | Slain by Natasha

Illustrated notes

Levels and vault maps discovered:
D:1:      saegor_arrival_simple_d, layout_basic,
          ebering_ecumenical_altar_sacrificial
D:2:      layout_basic, uniq_jessica, uniq_natasha

Skill      XL: |  1 |
---------------+----+-----
Hexes          | 3 |  3.8
Short Blades   | |  0.8
Dodging        | |  1.7
Stealth        | |  2.6
Spellcasting   | |  1.7

Action                   || total
-------------------------++-------
Melee: Dagger            ||    78
 Cast: Ensorcelled Hiber ||     9
  Use: Potion            ||     1
 Stab: Sleeping          ||     9
Armor: Robe              ||    16
Dodge: Dodged            ||    54
